 Dungeon Crawl Stone Soup version 0.30.1-11-g7821555f0a (webtiles) character file.

Game seed: 4794866235165994485

186 Martska the Trooper (level 5, -3/42 HPs)
             Began as a Draconian Fighter on Dec 10, 2023.
             Slain by Robin
             ... wielding a +0 trident
              (6 damage)
             ... on level 3 of the Dungeon.
             The game lasted 00:02:22 (2267 turns).

Martska the Trooper (Draconian Fighter)             Turns: 2267, Time: 00:02:23

Health: -3/42      AC:  6    Str: 20    XL:     5   Next: 38%
Magic:  5/5        EV: 12    Int:  8    God:
Gold:   67         SH:  4    Dex: 11    Spells: 4/4 levels left

rFire   . . .        k - +2 mace (protect)
rCold   . . .        b - +0 buckler
rNeg    . . .        (body armour unavailable)
rPois   .            (helmet restricted)
rElec   .            (no cloak)
rCorr   .            n - +0 pair of gloves
SInv    .            (no boots)
Will    .....        (no amulet)
Stlth   +            (no ring)
HPRegen 0.27/turn    (no ring)
MPRegen 0.09/turn

%: no passive effects
@: mighty
A: AC +5, unfitting armour, cold-blooded, frail 1, screaming 1
a: no special abilities


You were on level 3 of the Dungeon.
You visited 1 branch of the dungeon, and saw 3 of its levels.

You collected 67 gold pieces.

Inventory:

Hand Weapons
 a - a +0 trident
 k - a +2 mace of protection (weapon)
Armour
 b - a +0 buckler (worn)
 n - a +0 pair of gloves (worn)
Scrolls
 d - a scroll of identify {unknown}
 f - a scroll of acquirement {unknown}
 g - 2 scrolls of teleportation {unknown}
 i - 3 scrolls of enchant weapon {unknown}
 m - a scroll of fog {unknown}
 o - a scroll of immolation {unknown}
 p - a scroll of blinking {unknown}
 q - a scroll of vulnerability {unknown}
Potions
 c - a potion of might
 e - a potion of invisibility {unknown}
 h - a potion of mutation
 j - 3 potions of curing {unknown}
 l - a potion of haste {unknown}


   Skills:
 * Level 4.9 Fighting
 - Level 2.3 Polearms
 * Level 4.0 Dodging
 + Level 3.7 Shields


You had 4 spell levels left.
You didn't know any spells.
Your spell library contained the following spells:

 Spells                   Type           Power      Damage    Failure   Level
 Lesser Beckoning         Tloc           0%         N/A       63%         2
 Static Discharge         Conj/Air       0%         2-2/arc   63%         2
 Gell's Gravitas          Tloc           0%         N/A       85%         3
 Teleport Other           Tloc           0%         N/A       85%         3
 Tukima's Dance           Hex            0%         N/A       85%         3
 Airstrike                Air            0%         2d(0-16)  99%         4
 Passage of Golubria      Tloc           0%         N/A       99%         4
 Summon Lightning Spire   Summ/Air       0%         N/A       99%         4
 Yara's Violent Unravell  Hex/Tmut       0%         3d3       100%        5


Dungeon Overview and Level Annotations

Branches:
Dungeon (3/15)

Altars:
Dithmenos
Makhleb
Yredelemnul

Shops:
D:2 !

Annotations:
D:3 Robin


Innate Abilities, Weirdness & Mutations

Your plain brown scales are hard. (AC +5)
You cannot fit into any form of body armour.
You are cold-blooded and may be slowed by cold attacks.
You are frail. (-10% HP)
You occasionally shout uncontrollably at your foes.


Message History

Something hits you but does no damage.
Deactivating autopickup; reactivate with Ctrl-A.
The hound closely misses you. The hound attacks as you move away!
The hound bites you.
You bump into the rock wall.
The hound misses you. Something hits you but does no damage.
The hound completely misses you.
You closely miss the hound.
Your tail-slap misses the hound.
The hound bites you but does no damage. Robin hits you but does no damage.
You hear some strange, mumbled words.
A magic dart appears from out of thin air!
The magic dart hits you! The hound closely misses you.
Robin hits you from afar with a +0 trident.
You hear some strange, mumbled words.
A puff of flame appears from out of thin air!
The puff of flame hits you.
* * * LOW HITPOINT WARNING * * *
You miss something.
Your tail-slap misses something.
You feel less confused.
You block the hound's attack. x2; Robin hits you but does no damage.
Something hits you but does no damage.
You barely miss something. The hound completely misses you.
You block Robin's attack. Something hits you.
* * * LOW HITPOINT WARNING * * *
The hound barely misses you. Something hits you but does no damage.
Robin barely misses you.
You feel very mighty all of a sudden. The hound closely misses you.
You block the hound's attack. Something hits you.
* * * LOW HITPOINT WARNING * * *
Robin zaps a wand.
You barely miss something. The hound bites you but does no damage.
You hear some strange, mumbled words.
A magic dart appears from out of thin air!
The magic dart hits you!
* * * LOW HITPOINT WARNING * * *
You block Robin's attack. The hound bites you but does no damage.
It was a potion of mutation.
You feel extremely strange.
You feel the urge to shout.
You feel frail. The hound barely misses you.
Something hits you but does no damage.
Robin hits you from afar with a +0 trident.
You die...

####
##................#
.............).###
#.......####.#####
#.......')........
#.......####.#####
##########.......# #.#
#........#.......# #.#
#......(.#####'######.#
#........{@........##.#
#.......gh.........##.#
#.......)..........'..#
#......)...........####
.........###########
...#####.. ... #... .
#.... #.....


You could see a hound and Robin.

Vanquished Creatures
  3 orc priests (D:3)
  2 adders (D:2)
  7 orcs (D:3)
  3 ball pythons
  6 bats
  7 endoplasms
  2 giant cockroaches (D:2)
  12 goblins
  2 hobgoblins
  5 jackals
  5 quokkas
  2 frilled lizards (D:1)
  3 kobolds
  7 rats
66 creatures vanquished.

Notes
Turn   | Place    | Note
-------+----------+-------------------------------------------
     0 | D:1      | Martska the Draconian Fighter began the quest for the Orb.
     0 | D:1      | Reached XP level 1. HP: 19/19 MP: 1/1
   104 | D:1      | Reached XP level 2. HP: 26/26 MP: 2/2
   947 | D:2      | Found Gevylim's Distillery.
   986 | D:2      | Reached XP level 3. HP: 31/33 MP: 3/3
  1706 | D:3      | Found a burning altar of Makhleb.
  1706 | D:3      | Found a shadowy altar of Dithmenos.
  1706 | D:3      | Found a basalt altar of Yredelemnul.
  1808 | D:3      | Reached XP level 4. HP: 29/41 MP: 4/4
  2154 | D:3      | Reached XP level 5. HP: 47/47 MP: 5/5
  2247 | D:3      | Noticed Robin
  2266 | D:3      | HP: 2/47 [something/magic dart (8)]
  2267 | D:3      | Gained mutation: You occasionally shout uncontrollably at
                  | your foes. [potion of mutation]
  2267 | D:3      | Gained mutation: You are frail. (-10% HP) [potion of
                  | mutation]
  2267 | D:3      | Slain by Robin

Illustrated notes

Levels and vault maps discovered:
D:1:      minmay_arrival_radiant_lines, layout_basic
D:2:      layout_rooms, serial_shops, nicolae_shop_industrial_runoff,
          kennysheep_cross_room, reono_crystal_passage
D:3:      layout_basic, gammafunk_temple_overflow_forgotten, uniq_robin,
          uniq_crazy_yiuf_cottage

Skill      XL: |  1  2  3  4  5 |
---------------+----------------+-----
Dodging        | 3 4 |  4.0
Fighting       | 4 |  4.9
Polearms       | |  2.3
Shields        | |  3.7

Action                     |  1- 3 |  4- 6 || total
---------------------------+-------+-------++-------
  Melee: Trident           |    58 |       ||    58
         Tailslap          |    15 |     9 ||    24
         Mace              |    70 |    68 ||   138
    Use: Potion            |       |     2 ||     2
   Stab: Sleeping          |     3 |       ||     3
 Armour: Skin              |    71 |    36 ||   107
  Dodge: Dodged            |    89 |    38 ||   127
  Block: Buckler           |    33 |    19 ||    52
